cohdb
Replays
Latest Replays
All Replays
Popular Replays
Top Player Replays
Match Explorer
How It Works
Community
CoH3 Stats
Reddit
Sign in to upload your games and track your stats! →
Sign in with Steam
Match 46951303
Unlisted
Match 46951303
Overview
Messages
Build Orders
End
Construct Section Command Post
Dingo Light Scout Car
Selects Indian Artillery Battlegroup
Dingo Light Scout Car
Dingo Light Scout Car
Construct Platoon Command Post
Selects Valour
Infantry Training
6-pounder Anti-tank Gun Team
Royal Engineer Section
Selects Gurkha Rifles Section
Gurkha Rifles Section
CMP 15cwt Truck
Gurkha Rifles Section
Implacable
StaRadian((
Rampart Basilone
CaptureTheSwag
siosio
小德子
MG42
Clavis
0
0
Comments
sign in to comment!
No comments posted yet!